Map: 나이트쉐이드 - 래더

Players

SpeCial - Winner!

  • Race: Terran Terran
  • Spawn Location: 11:00

Stats

  • Race: Protoss Protoss
  • Spawn Location: 5:00

Event: IEM Katowice 2020

VOD

Have the link to the VOD?

Description

Time

  • Played on: Feb. 27, 2020, 5:06 a.m.
  • Length: 8:10

All games in this series

Show
View Real Time Build Order
Export as new Build Order

SpeCial Terran - Winner!

Build Orders: Cyclone Opening 

Get SALT Encoding   

  12  0:00  SCV  
  13  0:13  SCV  
  14  0:18  Supply Depot  
  14  0:25  SCV  
  15  0:40  SCV  
  15  0:41  Barracks  
  16  0:46  Refinery  
  16  0:52  SCV  
  16  0:56  Refinery  
  17  1:04  SCV  
  18  1:16  SCV  
  19  1:29  Reaper, Orbital Command  
  19  1:31  Bunker  
  20  1:46  Factory  
  20  1:51  Supply Depot  
  20  1:55  SCV  
  21  2:07  SCV  
  22  2:19  SCV  
  23  2:28  Command Center  
  23  2:30  Factory Tech Lab  
  23  2:32  SCV  
  25  2:44  SCV  
  25  2:49  Barracks  
  25  2:54  Cyclone  
  25  2:56  Barracks  
  25  2:58  SCV  
  29  3:05  Supply Depot  
  29  3:10  SCV  
  30  3:22  SCV  
  30  3:26  Siege Tank  
  34  3:34  SCV  
  34  3:37  Barracks Reactor  
  35  3:41  Orbital Command  
  35  3:43  Marine  
  35  3:45  Barracks Tech Lab  
  35  3:48  SCV, Starport  
  37  4:00  SCV, Siege Tank  
  41  4:04  Marine x2  
  41  4:06  Supply Depot  
  41  4:08  SCV  
  44  4:12  SCV  
  44  4:14  Marine  
  44  4:15  Marine  
  46  4:20  SCV  
  46  4:22  Marine  
  46  4:23  Marine  
  49  4:25  SCV  
  49  4:27  Liberator  
  49  4:31  Supply Depot  
  53  4:35  SCV  
  53  4:36  Marine  
  53  4:37  SCV, Marine  
  57  4:39  Marine  
  57  4:41  Marine  
  57  4:45  Siege Tank  
  62  4:51  Supply Depot  
  62  4:52  SCV x2  
  64  4:54  Supply Depot  
  64  4:57  Combat Shield  
  64  5:01  Marine  
  64  5:02  Marine  
  64  5:04  SCV x2, Marine  
  64  5:05  Marine  
  70  5:15  Supply Depot  
  70  5:17  SCV x2  
  70  5:18  Marine  
  70  5:19  Marine  
  70  5:20  Medivac  
  76  5:22  Marine  
  76  5:23  Marine  
  78  5:29  SCV x2  
  79  5:36  Marine  
  79  5:37  Marine  
  79  5:39  Supply Depot, Siege Tank  
  79  5:40  Marine x2  
  79  5:41  SCV  
  87  5:54  Marine  
  87  5:55  Marine  
  89  5:57  Marine  
  89  5:58  SCV, Marine  
  91  6:10  SCV  
  91  6:11  Siege Tank  
  91  6:12  Marine  
  91  6:13  Marine  
  91  6:15  Marine  
  91  6:16  Marine  
  94  6:18  SCV  
  94  6:22  SCV  
  94  6:24  Supply Depot  
  95  6:27  Command Center  
  95  6:28  Medivac  
  95  6:30  Marine  
  95  6:31  Marine  
  96  6:33  Marine  
  96  6:34  Marine  
  96  6:38  SCV  
  94  6:48  Marine  
  94  6:49  Marine  
  94  6:51  Marine  
  94  6:52  SCV x2, Marine  
  94  6:53  Supply Depot  
  99  7:01  Bunker  
  99  7:05  SCV, Marine  
  99  7:06  Marine  
  102  7:09  Marine  
  102  7:10  Marine  
  95  7:19  Siege Tank  
  90  7:23  Marine  
  90  7:24  SCV x2, Marine  
  90  7:26  Marine  
  90  7:27  Engineering Bay, Marine  
  90  7:29  Engineering Bay  
  95  7:35  Refinery  
  95  7:36  Refinery  
  98  7:41  Marine  
  98  7:42  Marine  
  98  7:43  Orbital Command  
  99  7:45  SCV  
  99  7:46  Marine  
  99  7:48  Marine  
  99  7:51  SCV  
Show
View Real Time Build Order
Export as new Build Order

Stats Protoss 

Build Orders: Blink Stalkers 

Get SALT Encoding   

  12  0:00  Probe  
  13  0:13  Probe  
  14  0:19  Pylon  
  14  0:25  Probe  
  15  0:37  Probe (Chrono Boost), Gateway  
  16  0:46  Probe (Chrono Boost)  
  16  0:47  Assimilator  
  17  0:51  Probe  
  18  1:03  Probe  
  19  1:16  Probe  
  20  1:24  Cybernetics Core  
  20  1:25  Zealot  
  22  1:29  Probe  
  22  1:30  Pylon  
  23  1:58  Stalker (Chrono Boost), Nexus  
  25  2:02  Warp Gate  
  25  2:05  Probe  
  26  2:11  Assimilator  
  26  2:18  Probe  
  26  2:21  Stalker (Chrono Boost)  
  29  2:28  Pylon  
  29  2:33  Probe  
  30  2:45  Probe  
  31  2:51  Gateway  
  31  2:57  Probe  
  32  2:59  Twilight Council  
  32  3:07  Stalker  
  36  3:12  Probe (Chrono Boost)  
  36  3:15  Probe (Chrono Boost)  
  36  3:22  Probe (Chrono Boost)  
  36  3:23  Probe (Chrono Boost)  
  38  3:29  Pylon  
  38  3:30  Probe (Chrono Boost)  
  38  3:31  Probe (Chrono Boost)  
  40  3:35  Blink (Chrono Boost)  
  40  3:39  Probe x2  
  42  3:51  Probe x2  
  44  3:55  Robotics Facility  
  44  4:03  Probe x2  
  44  4:04  Stalker  
  44  4:08  Stalker  
  50  4:16  Probe x2  
  52  4:18  Assimilator  
  52  4:29  Nexus  
  52  4:33  Probe  
  52  4:34  Probe  
  52  4:35  Pylon  
  54  4:44  Observer (Chrono Boost)  
  55  4:46  Probe x2  
  55  4:48  Stalker x2  
  55  4:50  Pylon  
  61  4:58  Forge  
  61  4:59  Probe x2, Observer (Chrono Boost)  
  63  5:06  Pylon  
  64  5:11  Probe x2  
  66  5:17  Gateway x2  
  67  5:25  Stalker x2, Protoss Ground Weapons Level 1  
  67  5:27  Probe x2  
  73  5:35  Charge (Chrono Boost)  
  76  5:43  Immortal  
  76  5:44  Probe  
  76  5:45  Probe  
  76  5:48  Probe  
  79  5:56  Probe  
  79  6:03  Stalker x2  
  80  6:19  Stalker x2  
  80  6:22  Probe x3  
  87  6:27  Immortal (Chrono Boost)  
  89  6:36  Zealot x2  
  91  6:42  Zealot x2  
  91  6:46  Gateway  
  91  6:47  Gateway  
  95  6:49  Pylon  
  95  7:00  Gateway  
  95  7:02  Gateway  
  95  7:03  Pylon  
  95  7:05  Pylon  
  95  7:08  Pylon  
  92  7:10  Zealot x2  
  92  7:11  Zealot x2  
  82  7:20  Probe x2  
  82  7:21  Probe  
  65  7:25  Immortal (Chrono Boost)  
  65  7:33  Stalker x2  
  65  7:34  Stalker  
  70  7:37  Stalker  
  72  7:48  Zealot x2  
  74  7:57  Zealot x3  
  79  8:06  Zealot  

Tags
 
Add a new tag
Caveats
  • Supply blocks, unpowered buildings, or Contaminate may cause inaccurate times.
  • Supply counts are checked every 10 seconds.